 Dungeon Crawl Stone Soup version 0.28-a0-476-g0f06bd746f (webtiles) character file.

Game seed: 8832926403100373742

0 spiderkeys the Skirmisher (level 1, -27/22 HPs)
             Began as a Troll Abyssal Knight on Sept 17, 2021.
             Was a Follower of Lugonu.
             Annihilated by a tentacled starspawn (29 damage)
             ... on level 1 of the Abyss.
             The game lasted 00:00:19 (13 turns).

spiderkeys the Skirmisher (Troll Abyssal Knight)      Turns: 13, Time: 00:00:20

Health: -27/22     AC:  4    Str: 19    XL:     1   Next: 0%
Magic:  1/1        EV:  6    Int:  8    God:    Lugonu [*.....]
Gold:   0          SH:  0    Dex:  9    Spells: 0/0 levels left

rFire   . . .      SeeInvis .     - Unarmed
rCold   . . .      Faith    .   (no shield)
rNeg    . . .      Spirit   .   a - +0 robe
rPois   .          Reflect  .   (helmet restricted)
rElec   .          Harm     .   (no cloak)
rCorr   .          Rampage  .   (gloves unavailable)
Will    .....                   (boots unavailable)
Stlth   +.........              (no amulet)
HPRegen 1.07/turn               (no ring)
MPRegen 0.07/turn               (no ring)

@: constricted
A: large, unfitting armour, claws 3, regeneration 1, shaggy fur 1, tough skin 1
a: Renounce Religion, Depart the Abyss


You were on level 1 of the Abyss.
You worshipped Lugonu.
Lugonu was aware of your devotion.
You visited 0 branches of the dungeon, and saw 0 of its levels.
You visited the Abyss 1 time.


Innate Abilities, Weirdness & Mutations

You are too large for most types of armour.
You have claws for hands.
Your natural rate of healing is unusually fast.
You are covered in fur. (AC +1)
You have tough skin. (AC +1)


   Skills:
 + Level 2.4 Fighting
 + Level 1.9 Dodging
 + Level 2.0 Unarmed Combat
 + Level 1.5 Invocations


You couldn't memorise any spells.
You didn't know any spells.
Your spell library was empty.

Inventory:

Armour
 a - a +0 robe (worn)

Dungeon Overview and Level Annotations

Branches:
Dungeon (0/15)

Altars:

≈≈≈♣≈ ##..#
≈≈≈≈≈.#..# #
≈≈≈≈≈..#.. #
≈≈≈.#.....
≈≈≈#....# #
#.....#### ##.$
#...##=)##
#!..##...##w=.#
# ..._#©##/@x.#
###...###/wX###
##.._./.w##
##..<..##
#.._X.#
##..w..##
#...©...#
...###...#
#....##©##....#


You could see 2 tentacled starspawn, a small abomination and 4 starspawn
tentacles.


Message History

🤖 Initializing magus.rc ...
Options error: Delay interrupt name "hungry" not recognised. (~/.crawlrc:4988) ✅ Successfully initialized magus.rc [v1.9.10] Welcome, spiderkeys the Troll Abyssal Knight.
Will you be the one to retrieve the awesome Orb of Zot from the depths?
Lugonu says: Depart the Abyss and spread corruption, my servant! (use the ability menu to exit the Abyss) Press ? for a list of commands and other information.
Found three corrupted altars of Lugonu.
A small abomination comes into view.
There is a corrupted altar of Lugonu here.
There is a corrupted altar of Lugonu here.
A tentacled starspawn comes into view.
There is a transporter here.
You enter the transporter and appear at another place.
A tentacled starspawn comes into view.
Found a bubbling ruby potion.
Found a gateway leading out of the Abyss.
Tentacles burst from the starspawn's body!
The small abomination hits you but does no damage.
Tentacles burst from the starspawn's body! 4 starspawn tentacles come into view.
The small abomination hits you!
The small abomination closely misses you.
The starspawn tentacle closely misses you. 😮 HP[-7]
You take 7 damage, and now have 15/22 hp.
MASSIVE DAMAGE!! (PAUSE)
The starspawn tentacle grabs you.
The starspawn tentacle constricts you. 😮 HP[-1]
You take 1 damage, and now have 14/22 hp.
You escape the starspawn tentacle's grasp.
A tentacle flies out from the starspawn's body!
The small abomination hits you!
Ouch! That really hurt!
* * * LOW HITPOINT WARNING * * *
A starspawn tentacle comes into view. 😱 HP[-12]
You take 12 damage, and now have 2/22 hp.
MASSIVE DAMAGE!! (PAUSE)
The starspawn tentacle grabs you. The starspawn tentacle constricts you.
* * * LOW HITPOINT WARNING * * *
Unknown command.
You escape the starspawn tentacle's grasp.
The starspawn tentacle grabs you. The starspawn tentacle constricts you.
* * * LOW HITPOINT WARNING * * *
The starspawn tentacle loses its grip on you.
The tentacle pulls you backwards!
The small abomination hits you but does no damage.
You scratch the starspawn tentacle.
The small abomination closely misses you.
The starspawn tentacle grabs you. The starspawn tentacle constricts you.
* * * LOW HITPOINT WARNING * * *
The tentacled starspawn bites you!!
Ouch! That really hurt!
You die...

Action                   || total
-------------------------++-------
Melee: Unarmed           ||     1
Armor: Robe              ||     2
Dodge: Dodged            ||     3

Levels and vault maps discovered:
Abyss:1:  base: Temple, base:
Temple

Notes
Turn   | Place    | Note
-------+----------+-------------------------------------------
     0 | Abyss:1  | spiderkeys the Troll Abyssal Knight began the quest for the
                  | Orb.
     0 | Abyss:1  | Reached XP level 1. HP: 22/22 MP: 1/1
     0 | Abyss:1  | Noticed a small abomination
     0 | Abyss:1  | magus.rc [v1.9.10]
     4 | Abyss:1  | Noticed a tentacled starspawn
     5 | Abyss:1  | Noticed a tentacled starspawn
    10 | Abyss:1  | HP: 2/22 [small abomination (13)]
    12 | Abyss:1  | Identified the ring "Cisu" {Ice Dex+3}
    13 | Abyss:1  | Annihilated by a tentacled starspawn

Vanquished Creatures (others)
  A starspawn tentacle (Abyss:1)
1 creature vanquished.

Table legend:
 A = Non-vault XP
 B = Vault XP
 C = Vault XP percentage of total XP
 D = Non-vault monster count
 E = Vault monster count
 F = Vault count percentage of total count
                 A         B        C        D         E       F
            +---------+---------+-------+---------+---------+-------
      Total |       0 |       0 |   N/A |       0 |       0 |  -nan
            +---------+---------+-------+---------+---------+-------
            +---------+---------+-------+---------+---------+-------

Illustrated notes

Table legend: (Time is in decaauts)
 A = Elapsed time spent in this place.
 B = Non-inter-level travel time spent in this place.
 C = Inter-level travel time spent in this place.
 D = Time resting spent in this place.
 E = Time spent auto-exploring this place.
 F = Levels seen in this place.
 G = Mean time per level.
                   A        B        C        D        E       F      G
               +--------+--------+--------+--------+--------+-----+--------+
         Total |     13 |     13 |      0 |      0 |      0 |   1 |   13.0 |
         Abyss |     13 |     13 |      0 |      0 |      0 |   1 |   13.0 |
               +--------+--------+--------+--------+--------+-----+--------+

Top non-repeatable levels by time:
 Abyss:1: 13 daAuts
